 Dungeon Crawl Stone Soup version 0.28.0-53-g5a82cb258f (webtiles) character file.

Game seed: 13357117927135908089

55 styxcanada the Sneak (level 3, 0/18 HPs)
             Began as a Spriggan Brigand on June 1, 2022.
             Slain by a goblin
             ... wielding a +0 dagger
             ... led by Robin
              (2 damage)
             ... on level 2 of the Dungeon.
             The game lasted 00:07:00 (1617 turns).

styxcanada the Sneak (Spriggan Brigand)             Turns: 1617, Time: 00:07:01

Health: 0/18       AC:  3    Str:  7    XL:     3   Next: 67%
Magic:  4/4        EV: 17    Int: 12    God:
Gold:   106        SH:  0    Dex: 18    Spells: 2/2 levels left

rFire   . . .      SeeInvis +   a - +2 dagger
rCold   . . .      Faith    .   (no shield)
rNeg    . . .      Spirit   .   b - +0 robe
rPois   .          Reflect  .   (helmet restricted)
rElec   .          Harm     .   c - +0 cloak
rCorr   .          Rampage  .   (gloves unavailable)
Will    .....                   (boots unavailable)
Stlth   ++++......              (no amulet)
HPRegen 0.06/turn               (no ring)
MPRegen 0.09/turn               (no ring)

@: very quick
A: very small, no large weapons, unfitting armour, see invisible, speed 3
a: no special abilities


You were on level 2 of the Dungeon.
You visited 1 branch of the dungeon, and saw 2 of its levels.

You collected 106 gold pieces.

Inventory:

Hand Weapons
 a - a +2 dagger (weapon)
Missiles
 d - 8 poisoned darts (quivered)
 e - 2 curare-tipped darts
 h - 24 stones
Armour
 b - a +0 robe (worn)
 c - a +0 cloak (worn)
Potions
 f - a potion of curing {unknown}
 l - a potion of berserk rage {unknown}


   Skills:
 * Level 2.0 Fighting
 + Level 2.5 Short Blades
 + Level 2.1 Throwing
 * Level 2.2 Dodging
 * Level 7.1 Stealth


You had 2 spell levels left.
You didn't know any spells.
Your spell library was empty.

Dungeon Overview and Level Annotations

Branches:
Dungeon (2/15)

Altars:

Annotations:
D:2 Robin


Innate Abilities, Weirdness & Mutations

You are very small and have problems with some larger weapons.
You are too small for most types of armour.
You have supernaturally acute eyesight. (SInv)
You cover ground extremely quickly. (Speed+++)


Message History

The slug dart hits you.
You hit the dart slug.
The dart slug is severely wounded.
You hit the dart slug.
The dart slug is almost dead.
The dart slug closely misses you.
You hit the dart slug.
You kill the dart slug!
You see here a dart slug corpse.
You start resting.
A goblin comes into view. It is wielding a +0 dagger.
A goblin comes into view. It is wielding a +0 dagger.
The goblin shouts!
You hear a shout!
A goblin comes into view. It is wielding a +0 club.
A hobgoblin comes into view. 4 goblins, 2 hobgoblins and a kobold come into view.
The hobgoblin shouts! x2; The goblin shouts!
You hear a shout!
A goblin comes into view. It is wielding a +0 dagger.
The goblin moves out of view.
The hobgoblin shouts!
The goblin shouts! x2
Robin of the Strong Arm comes into view.
They are wielding a +0 spear.
Robin shouts!
The goblin misses you. Robin throws the goblin at you!
The goblin completely misses you.
A goblin comes into view. It is wielding a +0 club.
The goblin misses you.
You closely miss the goblin. The goblin closely misses you.
The goblin barely misses you.
You closely miss the goblin.
The goblin hits you from afar with a +0 spear.
* * * LOW HITPOINT WARNING * * *
The goblin hits you with a +0 dagger.
* * * LOW HITPOINT WARNING * * *
You barely miss the goblin. You punch the goblin.
The goblin is heavily wounded.
The goblin hits you with a +0 club.
* * * LOW HITPOINT WARNING * * *
The goblin closely misses you. The goblin hits you with a +0 dagger.
You die... ####### ##################...... .........†..)....'....). ....)#g##########...).. .g. #@# #...... . #g# ########...... #gg

#§§§§..#......
gKg.#§§§...#....(.
gg..#§§...........
.g...#§§§§§.....###
.g...#§§§§§§....##.
......#§§§.§§.......
#.....§.......


You could see Robin, 2 hobgoblins, 7 goblins and a kobold.

Vanquished Creatures
  An adder (D:2)
  A worm (D:2)
  2 dart slugs
  3 endoplasms (D:1)
  A giant cockroach (D:1)
  3 goblins
  5 hobgoblins
  5 kobolds
  2 quokkas (D:1)
  5 ball pythons
  5 bats (D:1)
  3 frilled lizards
  3 rats (D:1)
39 creatures vanquished.

Vanquished Creatures (others)
  3 plants (D:1)
3 creatures vanquished.

Grand Total: 42 creatures vanquished

Notes
Turn   | Place    | Note
-------+----------+-------------------------------------------
     0 | D:1      | styxcanada the Spriggan Brigand began the quest for the
                  | Orb.
     0 | D:1      | Reached XP level 1. HP: 10/10 MP: 2/2
   108 | D:1      | Reached skill level 6 in Stealth
   284 | D:1      | Reached XP level 2. HP: 13/14 MP: 3/3
   961 | D:1      | You fall into a shaft and drop 1 floor!
  1080 | D:1      | Reached XP level 3. HP: 18/18 MP: 4/4
  1214 | D:1      | Found a faded altar of an unknown god.
  1323 | D:1      | Reached skill level 7 in Stealth
  1612 | D:2      | Noticed Robin
  1617 | D:2      | Slain by a goblin

Illustrated notes

Levels and vault maps discovered:
D:1:      ebering_trefoil_twist, layout_loops_ring,
          shapermc_ecumenical_altar_flowoftime, serial_bayou_pond_a
D:2:      layout_basic, uniq_robin, uniq_natasha

Skill      XL: |  1  2  3 |
---------------+----------+-----
Stealth        | 6 7 |  7.1
Dodging        | 2 |  2.2
Fighting       | 2 |  2.0
Short Blades   | |  2.5
Throwing       | |  2.1

Action                   || total
-------------------------++-------
Melee: Dagger            ||   135
       Punch             ||     4
Throw: Dart              ||     2
  Use: Scroll            ||     3
       Potion            ||     2
 Stab: Sleeping          ||    10
Armor: Robe              ||    17
Dodge: Dodged            ||    87
